 Dungeon Crawl Stone Soup version 0.21-a0-400-g417d9d2 (webtiles) character file.

7730 Moloch the Spear-Bearer (level 11, -6/87 HPs)
             Began as a Mummy Fighter on Oct 21, 2017.
             Was a High Priest of Okawaru.
             Shot with an arrow by a centaur warrior (11 damage)
             ... on level 9 of the Dungeon.
             The game lasted 00:16:39 (10633 turns).

Moloch the Spear-Bearer (Mummy Fighter)            Turns: 10633, Time: 00:16:40

Health: -6/87      AC: 14    Str: 22    XL:     11   Next: 0%
Magic:  9/11       EV: 11    Int:  7    God:    Okawaru [*****.]
Gold:   38         SH:  0    Dex: 16    Spells: 10/10 levels left

rFire    x . .     SeeInvis .   h - +1 halberd (venom)
rCold    + . .     Gourm    .   (shield currently unavailable)
rNeg     + + +     Faith    .   s - +0 chain mail
rPois    ∞         Spirit   .   b - +0 helmet
rElec    .         Reflect  .   (no cloak)
rCorr    .         Harm     .   w - +1 pair of gloves {Str+3}
MR       +....                  (no boots)
Stlth    ..........             (no amulet)
HPRegen  0.24/turn              (no ring)
MPRegen  0.12/turn              (no ring)

@: heroism
A: no food or potions, fire vulnerability, cold resistance 1, negative energy
resistance 3, torment resistance, unbreathing
a: Heroism, Finesse, Renounce Religion


You were on level 9 of the Dungeon.
You worshipped Okawaru.
Okawaru was extremely pleased with you.
You were not hungry.

You visited 2 branches of the dungeon, and saw 10 of its levels.
You also visited: Sewer.

You collected 260 gold pieces.
You spent 222 gold pieces at shops.

Inventory:

Hand Weapons
 c - a +0 trident
 h - a +1 halberd of venom (weapon)
Armour
 b - a +0 helmet (worn)
 s - a +0 chain mail (worn)
 w - a +1 pair of gloves of strength (worn)
Jewellery
 m - an uncursed ring of flight {unknown}
 t - an uncursed ring of protection from cold {unknown}
Wands
 p - a wand of polymorph (5/24)
Scrolls
 a - 6 scrolls of identify
 d - a scroll of blinking {unknown}
 e - 4 scrolls of remove curse {unknown}
 f - 8 scrolls of teleportation {unknown}
 g - a scroll of random uselessness {unknown}
 i - 3 scrolls of fear {unknown}
 j - 2 scrolls of enchant armour {unknown}
 k - a scroll of enchant weapon {unknown}
 l - 2 scrolls of fog {unknown}
 n - 2 scrolls of amnesia
 o - a scroll of immolation
 q - 3 scrolls of magic mapping
 r - 3 scrolls of noise {unknown}
Books
 v - a book of Maledictions

   Spells                             Type                      Level
   a - Corona                         Hexes                        1
   b - Ensorcelled Hibernation        Hexes/Ice                    2
   c - Confuse                        Hexes                        3
   d - Tukima's Dance                 Hexes                        3
   e - Dazzling Spray                 Conjuration/Hexes            3


   Skills:
 + Level 8.8(13.8) Fighting
   Level 3.3(13.4) Axes
 + Level 11.8(17.0) Polearms
 + Level 2.6(7.6) Armour
 * Level 0.6(5.6) Dodging
   Level 2.4(7.4) Shields


You had 10 spell levels left.
You didn't know any spells.

Dungeon Overview and Level Annotations

Branches:
Dungeon (9/15)             Temple (1/1) D:6
   Lair: D:8-11         Orc: D:9-12

Altars:
Ashenzari
Cheibriados
Dithmenos
Elyvilon
Fedhas
Hepliaklqana
Makhleb
Nemelex Xobeh
Okawaru
Qazlal
Ru
Trog
Uskayaw
Wu Jian
Xom
The Shining One

Shops:
D:4 !   D:5 :   D:7 %([!?


Innate Abilities, Weirdness & Mutations

You do not eat or drink.
Your flesh is vulnerable to fire.
You are immune to poison.
Your flesh is cold resistant. (rC+)
You are immune to negative energy. (rN+++)
You are immune to unholy pain and torment.
You can survive without breathing.


Message History

The centaur warrior easily resists.
This wand has 7 charges left.
The centaur warrior shoots an arrow.
The arrow misses you.
The centaur warrior shoots an arrow.
The arrow hits you!
* * * LOW HITPOINT WARNING * * *
Unknown command.
Evoke which item? (* to show all) (? for menu, Esc to quit)
Aiming: Polymorph
Press: ? - help, Shift-Dir - straight line, f/p - centaur warrior
Aim: a centaur warrior, wielding a shortbow (chance to defeat MR: 28%)
The centaur warrior easily resists.
This wand has 6 charges left.
The centaur warrior shoots an arrow.
The arrow barely misses you.
Evoke which item? (* to show all) (? for menu, Esc to quit)
Aiming: Polymorph
Press: ? - help, Shift-Dir - straight line, f/p - centaur warrior
Aim: a centaur warrior, wielding a shortbow (chance to defeat MR: 28%)
The centaur warrior easily resists.
This wand has 5 charges left.
The centaur warrior shoots an arrow.
The arrow hits you!
* * * LOW HITPOINT WARNING * * *
The centaur warrior shoots an arrow.
The arrow hits you!
You die...

.. ..................#...# .
..................#...#
.!................#...#
..................#...#
..................#...#
c.....................#
......................#
......................#
.......@..............#
############################...#
...............................#
...............................#
...............................#
...............................#
........)................#######
........)......................#
........)))....................#


You could see a centaur warrior.

Vanquished Creatures
  A two-headed ogre (D:9)
  The ghost of Rhok the Basher, a novice DsGl of Okawaru (D:8)
  Pikel (D:6)
  Maurice (D:8)
  A queen bee (D:8)
  Grinder (D:6)
  2 hippogriffs
  Eustachio (D:6)
  A wyvern (D:9)
  A hungry ghost (D:8)
  Menkaure (D:4)
  A water moccasin (D:9)
  Duvessa (D:4)
  3 orc warriors
  2 slaves
  An ice beast (D:8)
  3 sky beasts
  2 ogres
  3 centaurs
  Blork the orc (D:6)
  2 big kobolds
  2 bullfrogs
  Dowan (D:4)
  A wyvern skeleton (D:9)
  A scorpion (D:8)
  14 wights
  14 killer bees (D:8)
  7 howler monkeys
  3 crimson imps
  A centaur zombie (D:5)
  3 jellies
  5 hounds
  An orc priest (D:6)
  2 iguanas
  5 orc wizards
  A bullfrog skeleton (D:5)
  A centaur skeleton (D:8)
  9 worker ants
  A hound zombie (D:5)
  3 hound skeletons
  A worker ant zombie (D:6)
  2 howler monkey skeletons
  A howler monkey zombie (D:7)
  8 adders
  5 gnolls
  4 shadow imps
  2 oozes
  An adder skeleton (D:7)
  An adder zombie (D:8)
  3 worms (D:2)
  A dart slug (D:1)
  8 leopard geckos
  22 orcs
  10 giant cockroaches
  11 goblins
  16 hobgoblins
  18 jackals
  36 kobolds
  A quokka (D:3)
  A ball python (D:3)
  9 bats
  11 frilled lizards
  A quokka zombie (D:6)
  13 rats
  A plant (D:4)
293 creatures vanquished.

Notes
Turn   | Place    | Note
-------+----------+-------------------------------------------
     0 | D:1      | Moloch the Mummy Fighter began the quest for the Orb.
     0 | D:1      | Reached XP level 1. HP: 18/18 MP: 1/1
    76 | D:1      | Reached XP level 2. HP: 16/24 MP: 2/2
   426 | D:1      | Reached XP level 3. HP: 14/29 MP: 3/3
  1356 | D:1      | Reached XP level 4. HP: 28/37 MP: 4/4
  2116 | D:2      | Reached skill level 1 in Polearms
  2171 | D:2      | Reached XP level 5. HP: 27/42 MP: 5/5
  2469 | D:3      | Reached skill level 2 in Polearms
  2993 | D:4      | Found a bloodstained altar of Trog.
  3009 | D:4      | Reached skill level 3 in Polearms
  3058 | D:4      | Noticed Duvessa
  3059 | D:4      | Noticed Dowan
  3062 | D:4      | Found Aqeopref's Distillery.
  3202 | D:4      | Reached XP level 6. HP: 48/48 MP: 6/6
  3302 | D:4      | Killed Duvessa
  3302 | D:4      | Reached skill level 4 in Polearms
  3464 | D:4      | Killed Dowan
  3593 | D:4      | Noticed Menkaure
  3601 | D:4      | Killed Menkaure
  3601 | D:4      | Reached skill level 5 in Polearms
  3601 | D:4      | Reached XP level 7. HP: 24/54 MP: 7/7
  3957 | D:4      | Found a snail-covered altar of Cheibriados.
  3967 | D:4      | Found a hazy altar of Hepliaklqana.
  3970 | D:4      | Found a stormy altar of Qazlal.
  3973 | D:4      | Found a shimmering altar of Xom.
  4368 | D:5      | Entered Level 5 of the Dungeon
  4386 | D:5      | Found a glowing drain.
  4404 | Sewer    | Entered a sewer
  4773 | D:5      | Reached skill level 6 in Polearms
  4876 | D:5      | Reached XP level 8. HP: 34/61 MP: 8/8
  5237 | D:5      | Found Suekhlod's Book Shop.
  5751 | D:6      | Found a staircase to the Ecumenical Temple.
  5757 | D:6      | Noticed Pikel
  5762 | Temple   | Entered the Ecumenical Temple
  5799 | Temple   | Became a worshipper of Warmaster Okawaru
  5837 | D:6      | Killed Pikel
  5837 | D:6      | Reached * piety under Okawaru
  5837 | D:6      | Reached skill level 5 in Fighting
  5837 | D:6      | Reached skill level 7 in Polearms
  5921 | D:6      | Reached skill level 8 in Polearms
  6132 | D:6      | Noticed Blork the orc
  6137 | D:6      | Killed Blork the orc
  6158 | D:6      | Reached XP level 9. HP: 68/68 MP: 9/9
  6258 | D:6      | Reached ** piety under Okawaru
  6293 | D:6      | Noticed Grinder
  6299 | D:6      | Killed Grinder
  6299 | D:6      | Reached skill level 9 in Polearms
  6494 | D:6      | Noticed Eustachio
  6625 | D:6      | Killed Eustachio
  6947 | D:7      | Reached *** piety under Okawaru
  7154 | D:7      | Found Uturu's Distillery.
  7217 | D:7      | Found Deogotz's Antique Armour Shop.
  7261 | D:7      | Reached skill level 10 in Polearms
  7961 | D:7      | Found a blossoming altar of Fedhas.
  7996 | D:7      | Found Xaufedgh's Food Shop.
  8002 | D:7      | Bought a pair of glowing gloves for 187 gold pieces
  8017 | D:7      | Found Oxokkuta's Antique Weapon Shop.
  8080 | D:7      | Found Onnavuny's Magic Scroll Shop.
  8086 | D:7      | Bought a scroll of magic mapping for 35 gold pieces
  8283 | D:8      | Reached XP level 10. HP: 77/77 MP: 10/10
  8794 | D:8      | Reached **** piety under Okawaru
  9419 | D:8      | Noticed Maurice
  9424 | D:8      | Noticed Rhok's ghost (novice DsGl)
  9596 | D:8      | Killed Rhok's ghost
  9596 | D:8      | Reached skill level 11 in Polearms
 10019 | D:8      | Killed Maurice
 10355 | D:9      | Noticed a two-headed ogre
 10362 | D:9      | Killed a two-headed ogre
 10362 | D:9      | Reached ***** piety under Okawaru
 10556 | D:9      | Reached XP level 11. HP: 60/87 MP: 11/11
 10627 | D:9      | Noticed a centaur warrior
 10633 | D:9      | Shot with an arrow by a centaur warrior

Vault maps used:
D:1:      lightli_arrival_chessboard, serial_forest, infiniplex_forest_corner_1,
          infiniplex_forest_lined_3, infiniplex_forest_end_2,
          infiniplex_forest_lined_3, infiniplex_forest_clump_medium,
          infiniplex_forest_end_3, infiniplex_forest_side_room
D:2:      first_bread, grunt_ministairs_8
D:3:      minmay_liquid_box, grunt_ministairs_15, minmay_misc_feat_four_crosses
D:4:      kennysheep_kobold_camp, grunt_temple_overflow_cloverleaf,
          serial_shops, shop, trog_three_pillars_becter, uniq_menkaure,
          uniq_duvessa
D:5:      portal_sewer_entry_a, serial_shops, shop, serial_park_tiny_1
D:6:      minmay_temple_entry_grid, uniq_grinder, uniq_eustachio,
          uniq_blork_the_orc, uniq_pikel
D:7:      nicolae_overflow_hidden_temple, serial_shops, shop_statue, shop,
          nicolae_shop_trees, nicolae_shop_trees, shop, minmay_joined_circles
D:8:      david_nohive_1, uniq_maurice
Temple:   eino_temple_rhombus
Sewer:    sewer_fruit_machine

Skill      XL: |  1  2  3  4  5  6  7  8  9 10 |
---------------+-------------------------------+-----
Axes           | 2 3 |  3.3
Polearms       | 1 3 5 6 8 10 11 | 11.8
Fighting       | 4 5 6 8 |  8.8
Armour         | |  2.6
Dodging        | |  0.6
Shields        | |  2.4

Action                   |  1- 3 |  4- 6 |  7- 9 | 10-12 || total
-------------------------+-------+-------+-------+-------++-------
Melee: War axe           |   118 |     9 |       |       ||   127
       Halberd           |       |   226 |   456 |   229 ||   911
Invok: Heroism           |       |       |       |     6 ||     6
Evoke: Wand              |       |       |       |     5 ||     5
  Use: Scroll            |       |       |     4 |       ||     4
Armor: Scale mail        |    50 |   107 |    75 |       ||   232
       Chain mail        |       |       |    75 |   131 ||   206
Dodge: Dodged            |    30 |   131 |   154 |    91 ||   406
Block: Shield            |    60 |     4 |       |       ||    64

Table legend:
 A = Spawn XP
 B = Non-spawn XP
 C = Spawn XP percentage of total XP
 D = Spawn monster count
 E = Non-spawn monster count
 F = Spawn count percentage of total count
 G = Total turns spent on level
                    A         B        C        D         E        F      G
               +---------+---------+-------+---------+---------+-------+---------
         Total |       0 |   11043 |   0.0 |       0 |     290 |   0.0 | 10633
               +---------+---------+-------+---------+---------+-------+---------
           D:1 |       0 |      80 |   0.0 |       0 |      35 |   0.0 |  1365
           D:2 |       0 |     119 |   0.0 |       0 |      29 |   0.0 |   932
           D:3 |       0 |      75 |   0.0 |       0 |      27 |   0.0 |   909
           D:4 |       0 |     711 |   0.0 |       0 |      33 |   0.0 |  1162
           D:5 |       0 |     668 |   0.0 |       0 |      26 |   0.0 |  1061
           D:6 |       0 |    2289 |   0.0 |       0 |      38 |   0.0 |  1725
           D:7 |       0 |    1444 |   0.0 |       0 |      36 |   0.0 |   802
           D:8 |       0 |    3447 |   0.0 |       0 |      32 |   0.0 |  1875
           D:9 |       0 |    2179 |   0.0 |       0 |      19 |   0.0 |   492
         Sewer |       0 |      31 |   0.0 |       0 |      15 |   0.0 |   266
               +---------+---------+-------+---------+---------+-------+---------
